 Dungeon Crawl Stone Soup version 0.18-a0-1273-g8ec5f8e (webtiles) character file.

18776 namelastname112 the Archer (level 12, -6/108 HPs)
             Began as a Green Draconian Hunter on Feb 7, 2016.
             Was an Initiate of Gozag.
             Mangled by a rakshasa
             ... wielding a +0 trident
              (17 damage)
             ... on level 13 of the Dungeon.
             The game lasted 00:23:04 (16061 turns).

namelastname112 the Archer (DrHu)                  Turns: 16061, Time: 00:23:05

Health: -6/108     AC: 10    Str: 16    XL:     12   Next: 30%
Magic:  0/10       EV: 17    Int: 14    God:    Gozag
Gold:   889        SH:  0    Dex: 15    Spells: 0 memorised, 11 levels left

rFire  . . .     SeeInvis .     a - +1 shortbow
rCold  + . .     Gourm    .     (armour unavailable)
rNeg   . . .     Faith    .     (shield currently unavailable)
rPois  +         Spirit   +     (helmet restricted)
rElec  +         Dismiss  .     L - +0 cloak
rCorr  .         Reflect  .     m - +0 pair of gloves {archery}
SustAt .         Harm     .     (no boots)
MR     +....     Rnd*Rage +     I - amulet of guardian spirit
Stlth  ++........               (no ring)
                                X - ring of protection from cold

@: flying, somewhat resistant to hostile enchantments, unstealthy
A: breathe noxious fumes, unfitting armour, antennae 1, big wings, berserk 1,
low mp 1, magic resistance 1, poison resistance, electricity resistance, strong
1, evolution 1, cold-blooded, subdued magic 1, AC +8
a: Breathe Noxious Fumes, Stop Flying, Potion Petition, Call Merchant, Bribe
Branch, Renounce Religion


You were on level 13 of the Dungeon.
You worshipped Gozag.
Gozag was noncommittal.
You were not hungry.

You visited 2 branches of the dungeon, and saw 14 of its levels.
You also visited: Ossuary.

You collected 1967 gold pieces.
You paid 916 gold pieces to Gozag.

Inventory:

Hand Weapons
 a - a +1 shortbow (weapon)
 b - a +4 quarterstaff of flaming
 G - a +1 short sword of protection
 H - a +1 whip of electrocution
Missiles
 c - 109 arrows (quivered)
 p - 22 arrows of dispersal
Armour
 m - a +0 pair of gloves of archery (worn)
 L - a +0 cloak (worn)
Jewellery
 I - an amulet of guardian spirit (around neck)
 U - an uncursed amulet of magic regeneration
 W - a +3 ring of protection {unknown}
 X - a ring of protection from cold (left hand)
Wands
 k - a wand of lightning (5/15)
 s - a wand of confusion (23/48)
 v - a wand of lightning (9/15)
 A - a wand of acid (1/15)
 B - a wand of iceblast (5/15)
 D - a wand of acid (0/15)
 E - a wand of confusion (26/48)
 N - a wand of polymorph (7/24)
 O - a wand of polymorph (11/24)
 S - a wand of confusion (20/48)
Scrolls
 g - 5 scrolls of remove curse
 h - a scroll of recharging
 j - a scroll of blinking
 n - 9 scrolls of identify
 r - 2 scrolls of fog
 F - 2 scrolls of noise
 K - 4 scrolls of teleportation
Potions
 e - 2 potions of lignification
 f - 3 potions of brilliance
 l - 8 potions of curing
 q - 4 potions of agility
 t - 2 potions of flight
 u - 2 potions of might
 x - 3 potions of cancellation
 P - 2 potions of magic {unknown}
 R - a potion of ambrosia
 V - a potion of cure mutation {unknown}
Books
 o - a book of Party Tricks

   Spells                             Type                      Level
   a - Summon Butterflies             Summoning                    1
   b - Apportation                    Translocation                1
   c - Tukima's Dance                 Hexes                        3
   d - Alistair's Intoxication        Transmutation/Poison         5
   e - Invisibility                   Hexes                        6
 w - a book of the Sky

   Spells                             Type                      Level
   a - Summon Lightning Spire         Summoning/Air                4
   b - Airstrike                      Air                          4
   c - Silence                        Hexes/Air                    5
   d - Deflect Missiles               Charms/Air                   6
   e - Conjure Ball Lightning         Conjuration/Air              6
   f - Tornado                        Air                          9
 y - a book of Clouds

   Spells                             Type                      Level
   a - Mephitic Cloud                 Conjuration/Poison/Air       3
   b - Conjure Flame                  Conjuration/Fire             3
   c - Poisonous Cloud                Conjuration/Poison/Air       6
   d - Freezing Cloud                 Conjuration/Ice/Air          6
   e - Ring of Flames                 Charms/Fire                  7
 J - a book of Changes

   Spells                             Type                      Level
   a - Beastly Appendage              Transmutation                1
   b - Sticks to Snakes               Transmutation                2
   c - Spider Form                    Transmutation/Poison         3
   d - Ice Form                       Ice/Transmutation            4
   e - Blade Hands                    Transmutation                5
 M - a book of the Warp

   Spells                             Type                      Level
   a - Recall                         Summoning/Translocation      3
   b - Gell's Gravitas                Hexes/Translocation          3
   c - Force Lance                    Conjuration/Translocation    4
   d - Phase Shift                    Translocation                5
   e - Warp Weapon                    Charms/Translocation         5
   f - Summon Forest                  Summoning/Translocation      5
 Q - a book of Air

   Spells                             Type                      Level
   a - Shock                          Conjuration/Air              1
   b - Swiftness                      Charms/Air                   2
   c - Repel Missiles                 Charms/Air                   2
   d - Static Discharge               Conjuration/Air              3
   e - Lightning Bolt                 Conjuration/Air              5
Comestibles
 d - 9 bread rations
 i - 5 beef jerkies
 C - a slice of pizza
 T - 13 fruits


   Skills:
 + Level 10.6 Fighting
 + Level 7.9 Staves
 * Level 12.7 Bows
 + Level 8.7 Dodging
 - Level 0.8 Stealth


You had 11 spell levels left.
You didn't know any spells.

Dungeon Overview and Level Annotations

Branches:
Dungeon (13/15)            Temple (1/1) D:5            Lair (0/8) D:11
    Orc (0/2) D:9          Vaults (0/5) D:13

Altars:
Ashenzari
Cheibriados
Dithmenos
Elyvilon
Fedhas
Gozag
Kikubaaqudgha
Makhleb
Nemelex Xobeh
Okawaru
Pakellas
Qazlal
Ru
Sif Muna
Trog
Vehumet
Xom
Yredelemnul
Zin
The Shining One

Shops:
D:11 (


Innate Abilities, Weirdness & Mutations

You can breathe blasts of noxious fumes.
Your lurid green scales are hard (AC +8).
Your body does not fit into most forms of armour.
Your system is resistant to poisons.
You are cold-blooded and may be slowed by cold attacks.
You have a pair of small antennae on your head.
Your large and strong wings let you fly indefinitely.
You tend to lose your temper in combat.
Your magical capacity is low (-10% MP).
You are resistant to hostile enchantments.
You are resistant to electric shocks.
Your muscles are strong. (Str +2)
You evolve.
Your spells are a little easier to cast, but a little less powerful.


Message History

* * * LOW HITPOINT WARNING * * *
Unknown command.
Evoke which item? (* to show all) (? for menu, Esc to quit)
Zapping:
B - a wand of iceblast (will waste charges)
Press: ? - help, Shift-Dir - straight line, f - rakshasa
Aim: a rakshasa, wielding a trident and wearing a robe (heavily wounded)
The mass of ice explodes!
The iceblast engulfs the rakshasa.
The rakshasa is severely wounded.
Evoking this partially-identified wand wasted a few charges.
The rakshasa closely misses you.
Evoke which item? (* to show all) (? for menu, Esc to quit)
Zapping:
B - a wand of iceblast {zapped: 3} (will waste charges)
Press: ? - help, Shift-Dir - straight line, f/p - rakshasa
Aim: a rakshasa, wielding a trident and wearing a robe (severely wounded)
The mass of ice explodes!
The iceblast engulfs the rakshasa.
The rakshasa is severely wounded.
Evoking this partially-identified wand wasted a few charges.
The rakshasa hits you from afar with a trident!!
You die...
Your body crumbles into a pile of gold.

####.....(..### ####'#### #...
#.....(..# #.# #... ######'###
#.# ###' #(# #.## #. ######'#####
#..# ## #....(.....# ####'## #
####..........# #.....# #
..##..........#####...(.#########
#.##..........R.@('.....'>......'
#..#........R.#####.....#########
##.'..........# #.....# #
###..........# ##'#### #
########'### #..# # #.# ##.# #
#.## #.## #..## #..## ##
############..########..########.


You could see 2 rakshasas.

Vanquished Creatures
  A hydra (D:13)
  Erolcha (D:8)
  An unseen horror (D:10)
  A deep troll (D:13)
  A hill giant (D:13)
  An ugly thing (D:11)
  A griffon (D:12)
  3 cyclopes
  A manticore (D:11)
  A fire drake (D:11)
  2 trolls (D:13)
  2 two-headed ogres
  A wyvern (D:12)
  10 yaks
  2 hippogriffs
  2 hungry ghosts
  A soldier ant (D:11)
  A naga (D:11)
  A water moccasin (D:12)
  7 phantoms
  A sky beast (D:8)
  4 black bears
  4 orc warriors
  6 necrophages
  An eye of draining (D:11)
  5 ogres
  7 centaurs
  A crocodile (D:7)
  3 big kobolds
  An elf zombie (Ossuary)
  A gnoll sergeant (D:6)
  8 giant frogs
  2 wyvern skeletons (D:13)
  3 scorpions
  10 killer bees
  2 vampire bats (D:7)
  13 wights
  2 giant frog zombies
  6 crimson imps
  5 centaur zombies
  2 quasits
  8 hounds
  4 centaur skeletons
  3 human zombies (Ossuary)
  7 orc priests
  Crazy Yiuf (D:6)
  A jelly (D:11)
  2 giant frog skeletons
  2 gnoll shamans
  5 iguanas
  8 orc wizards
  11 worker ants
  Terence (D:3)
  A killer bee zombie (D:6)
  A big kobold zombie (Ossuary)
  2 hound zombies
  A hound skeleton (D:6)
  3 mummies (Ossuary)
  A worker ant zombie (D:5)
  Robin (D:4)
  16 adders
  12 gnolls
  3 shadow imps
  11 adder zombies
  3 adder skeletons
  2 worms
  4 giant geckos
  33 orcs
  A bat skeleton (D:7)
  3 bat zombies (D:7)
  11 giant cockroaches
  3 gnoll zombies (Ossuary)
  10 hobgoblins
  14 jackals
  4 quokkas
  2 ball python skeletons (D:4)
  2 bats
  A giant gecko zombie (D:7)
  2 giant newts
  12 goblins
  2 goblin zombies (Ossuary)
  A hobgoblin zombie (Ossuary)
  A jackal skeleton (D:4)
  2 jackal zombies (Ossuary)
  15 kobolds
  4 kobold zombies (Ossuary)
  A quokka skeleton (D:10)
  4 quokka zombies (Ossuary)
  9 rats
  3 rat zombies (Ossuary)
382 creatures vanquished.

Vanquished Creatures (collateral kills)
  An unseen horror (D:13)
  2 hill giants (D:12)
  An ugly thing (D:11)
  A troll (D:12)
  2 yaks (D:13)
  A black bear (D:11)
  A crocodile (D:12)
  A scorpion (D:12)
  2 wights (D:12)
  An orc wizard (D:11)
13 creatures vanquished.

Vanquished Creatures (others)
  A naga mage (D:13)
  A killer bee (D:7)
  An orc wizard (D:5)
  An orc priest (D:5)
  A gnoll (D:5)
  3 orcs (D:5)
  A bush (D:7)
  5 plants (D:7)
  4 toadstools (D:1)
18 creatures vanquished.

Grand Total: 413 creatures vanquished

Notes
Turn   | Place    | Note
--------------------------------------------------------------
     0 | D:1      | namelastname112 the Draconian Hunter began the quest for the Orb.
     0 | D:1      | Reached XP level 1. HP: 17/17 MP: 1/1
   520 | D:1      | Reached XP level 2. HP: 25/25 MP: 2/2
   871 | D:2      | Reached skill level 4 in Bows
   916 | D:2      | Reached XP level 3. HP: 30/30 MP: 3/3
  1092 | D:2      | Found a deep blue altar of Sif Muna.
  1470 | D:3      | Reached XP level 4. HP: 34/38 MP: 4/4
  1701 | D:3      | Noticed Terence
  1706 | D:3      | Killed Terence
  1706 | D:3      | Reached XP level 5. HP: 45/45 MP: 5/5
  1783 | D:3      | Found a faded altar to an unknown god.
  1835 | D:3      | Found a shadowy altar of Dithmenos.
  2206 | D:3      | Reached skill level 5 in Bows
  2461 | D:4      | Found a sand-covered staircase.
  2467 | Ossuary  | Entered an ossuary
  2522 | Ossuary  | Reached XP level 6. HP: 52/52 MP: 6/6
  2762 | Ossuary  | Reached skill level 6 in Bows
  2854 | Ossuary  | Reached XP level 7. HP: 57/60 MP: 7/7
  2854 | Ossuary  | Your scales start taking on a lurid green colour.
  2854 | Ossuary  | Gained mutation: Your system is resistant to poisons. [Green Draconian growth]
  2963 | D:4      | Noticed Robin
  2970 | D:4      | Killed Robin
  3163 | D:4      | Reached skill level 5 in Fighting
  3754 | D:5      | Entered Level 5 of the Dungeon
  3793 | D:5      | Found a staircase to the Ecumenical Temple.
  3802 | Temple   | Entered the Ecumenical Temple
  4027 | D:5      | Reached skill level 7 in Bows
  4106 | D:5      | Reached XP level 8. HP: 35/69 MP: 8/8
  5111 | D:5      | Reached skill level 8 in Bows
  5154 | D:6      | Found a radiant altar of Vehumet.
  5173 | D:6      | Reached skill level 5 in Dodging
  5656 | D:6      | Found a shadowy altar of Dithmenos.
  5694 | D:6      | Reached XP level 9. HP: 41/78 MP: 9/9
  5927 | D:6      | Found a stormy altar of Qazlal.
  5976 | D:6      | Reached skill level 1 in Staves
  6193 | D:6      | Found a shimmering altar of Xom.
  6194 | D:6      | Found a burning altar of Makhleb.
  6245 | D:6      | Noticed Crazy Yiuf
  6262 | D:6      | Killed Crazy Yiuf
  6432 | D:7      | Reached skill level 9 in Bows
  6964 | D:7      | Found a bloodstained altar of Trog.
  7015 | D:7      | Found an ancient bone altar of Kikubaaqudgha.
  7214 | D:7      | Found a blossoming altar of Fedhas.
  7685 | D:7      | Reached XP level 10. HP: 85/85 MP: 10/10
  7728 | D:7      | Reached skill level 10 in Bows
  7976 | D:8      | Noticed Erolcha
  7986 | D:8      | Killed Erolcha
  8249 | D:8      | Gained mutation: You tend to lose your temper in combat. [mutagenic meat]
  9217 | D:9      | Found a staircase to the Orcish Mines.
  9460 | D:9      | Reached skill level 5 in Staves
  9573 | D:9      | Found an iron altar of Okawaru.
 10015 | D:9      | Found an opulent altar of Gozag.
 10015 | D:9      | Found a white marble altar of Elyvilon.
 10139 | D:9      | Became a worshipper of Gozag Ym Sagoz the Greedy
 10472 | D:10     | Entered Level 10 of the Dungeon
 11063 | D:10     | Reached skill level 11 in Bows
 11246 | D:10     | Reached XP level 11. HP: 73/94 MP: 11/11
 11397 | D:10     | Killed an unseen horror
 12002 | D:10     | Gained mutation: Your spells are a little easier to cast, but a little less powerful. [potion of mutation]
 12002 | D:10     | Gained mutation: Your magical capacity is low (-10% MP). [potion of mutation]
 12002 | D:10     | Gained mutation: You are resistant to hostile enchantments. [potion of mutation]
 12003 | D:10     | Gained mutation: You have a pair of small antennae on your head. [potion of mutation]
 12003 | D:10     | Gained mutation: You are resistant to electric shocks. [potion of mutation]
 12003 | D:10     | Gained mutation: You evolve. [potion of mutation]
 12922 | D:11     | Hired Gummoypputz the naga for 162 gold.
 13153 | D:11     | Gained mutation: Your large and strong wings let you fly indefinitely. [evolution]
 13170 | D:11     | Found a staircase to the Lair.
 13180 | D:11     | Noticed a red ugly thing
 13200 | D:11     | Killed a red ugly thing
 13232 | D:11     | Noticed a white ugly thing
 13237 | D:11     | Killed a white ugly thing
 13827 | D:12     | Noticed a griffon
 13837 | D:12     | Killed a griffon
 13837 | D:12     | Reached skill level 10 in Fighting
 13882 | D:12     | Reached skill level 12 in Bows
 14167 | D:12     | Noticed a hill giant
 14173 | D:12     | Killed a hill giant
 14346 | D:12     | Gained mutation: Your muscles are strong. (Str +2) [evolution]
 14509 | D:12     | Killed a hill giant
 14724 | D:13     | Reached XP level 12. HP: 97/102 MP: 8/10
 15142 | D:13     | Noticed a six-headed hydra
 15147 | D:13     | Your ally Gummoypputz died
 15151 | D:13     | HP: 3/103 [seven-headed hydra (3)]
 15152 | D:13     | Killed a seven-headed hydra
 15462 | D:13     | Noticed a rakshasa
 15843 | D:13     | Found a gate to the Vaults.
 16061 | D:13     | Mangled by a rakshasa

Vault maps used:
D:1:      ldierk_walled_garden_2, serial_park_tiny_1, kennysheep_pointless_box
D:2:      lemuel_blue_sif_altar
D:3:      marbit_many_paths, ecumenical_altar_1, first_bread, uniq_terence
D:4:      nicolae_ossuary_entry_plus, minivault_11, uniq_robin
D:5:      wad_river_or_something, lemuel_temple_firewalk_marked
D:6:      lemuel_crystal_altar, fiery_altar_vehumet,
          grunt_temple_overflow_champion_of_chaos, grunt_ministairs_9,
          hangedman_decor_peaks_small, st_stairs_4,
          grunt_dithmenos_smoke_and_mirrors, uniq_crazy_yiuf_cottage
D:7:      trog_ov_bears_minmay, fedhas_altar_decomposition,
          kennysheep_vampire_church
D:8:      uniq_erolcha
D:9:      okawaru_ov_weapons_minmay, amethyst_overflow_temple_binary,
          orc_0_dummy, serial_co_window_serial, co_window_corner_a,
          co_window_paths_a, co_window_of_opportunity_a, co_window_corner_a,
          co_window_paths_b, co_window_cross_3, co_window_corner_b,
          co_window_paths_c, co_window_corner_b, co_window_4corner_b,
          co_window_4corner_a, glass_columns_c
D:11:     minmay_lair_entry_lava
D:13:     david_vaults_4
Temple:   cyrus_temple_forest_13
Ossuary:  minmay_ossuary_two_tombs

Action                   |  1- 3 |  4- 6 |  7- 9 | 10-12 || total
-------------------------+-------+-------+-------+-------++-------
Melee: Short sword       |    82 |    44 |    90 |       ||   216
       Dagger            |       |     7 |       |       ||     7
       Whip              |       |       |    41 |       ||    41
       Quarterstaff      |       |       |   159 |   386 ||   545
       Unarmed           |       |       |       |    12 ||    12
 Fire: Shortbow          |    19 |   177 |   220 |   427 ||   843
Invok: Call Merchant     |       |       |       |     1 ||     1
 Abil: Breathe Noxious F |       |       |     7 |     9 ||    16
       Fly               |       |       |       |     1 ||     1
Evoke: Deck              |       |       |       |     4 ||     4
       Wand              |       |       |       |    11 ||    11
  Use: Scroll            |       |     1 |       |    20 ||    21
       Potion            |       |       |       |     3 ||     3
 Stab: Sleeping          |     2 |       |       |     2 ||     4
       Confused          |       |       |     2 |     3 ||     5
       Paralysed         |       |       |     4 |     2 ||     6
       Petrifying        |       |       |     1 |       ||     1
       Distracted        |       |       |       |     2 ||     2
  Eat: Chunk             |     1 |     4 |    10 |    12 ||    27
       Fruit             |       |       |     2 |       ||     2
       Meat ration       |       |       |     1 |     5 ||     6
       Royal jelly       |       |       |       |     1 ||     1
